 Dungeon Crawl Stone Soup version 0.30-a0-691-g754fce4c43 (webtiles) character file.

Game seed: 17879683707870976308

18075 KennySheep the Transmogrifier (level 12, -4/109 HPs)
             Began as a Naga Transmuter on Jan 19, 2023.
             Was the Champion of Makhleb.
             Slain by a red draconian
             ... wielding a +1 scimitar of flaming
              (9 damage)
             ... in a volcano.
             The game lasted 00:32:05 (11651 turns).

KennySheep the Transmogrifier (Naga Transmuter)    Turns: 11651, Time: 00:32:06

Health: -4/109     AC: 14    Str: 17    XL:     12   Next: 54%
Magic:  15/20      EV: 14    Int: 15    God:    Makhleb [******]
Gold:   145        SH:  0    Dex: 20    Spells: 6/22 levels left

rFire   . . .      SeeInvis +      - Unarmed
rCold   + . .      Faith    +    (shield currently unavailable)
rNeg    . . .      Spirit   .    y - +2 robe {rC+}
rPois   +          Reflect  .    M - +1 helmet of a Gauntlet {rElec Dex+3}
rElec   +          Harm     .    p - +0 cloak
rCorr   .          Rampage  .    (gloves currently unavailable)
Will    +....                    (no barding)
Stlth   ++                       g - amulet of faith
HPRegen 0.38/turn                i - +4 ring of protection
MPRegen 0.17/turn                o - +6 ring of dexterity

@: blade hands (expiring), very slow
A: AC +4, large, see invisible, deformed body, poison resistance, slowness 2,
spit poison 1, naga tail 1
a: Spit Poison, End Transformation, Renounce Religion, Minor Destruction, Lesser
Servant of Makhleb, Major Destruction, Greater Servant of Makhleb


You were in a volcano.
You worshipped Makhleb.
Makhleb was exalted by your worship.
You had blades for hands.
You visited 3 branches of the dungeon, and saw 13 of its levels.
You also visited: Bailey and Volcano.

You collected 1525 gold pieces.
You spent 1380 gold pieces at shops.

Inventory:

Missiles
 a - a throwing net
 q - 4 atropa-tipped darts
 x - 8 datura-tipped darts
Armour
 p - a +0 cloak (worn)
 u - a +0 helmet
 y - a +2 robe of cold resistance (worn)
 I - a scarf of invisibility
 L - a +2 hat
 M - the +1 helmet of a Gauntlet (worn) {rElec Dex+3}
   (You found it on level 5 of the Dungeon)

   Dex:       It affects your dexterity (+3).
   rElec:     It insulates you from electricity.
Jewellery
 g - an amulet of faith (around neck)
 i - a +4 ring of protection (left blade hand)
 o - a +6 ring of dexterity (right blade hand)
 A - a +6 ring of dexterity
 C - an amulet of guardian spirit
 H - a ring of ice
Wands
 r - a wand of light (8)
 s - a wand of paralysis (7)
 v - a wand of iceblast (7)
Scrolls
 b - 2 scrolls of vulnerability
 d - 5 scrolls of noise
 k - 2 scrolls of immolation
 l - 2 scrolls of teleportation
 m - 3 scrolls of enchant weapon
 w - a scroll of silence {unknown}
 B - 3 scrolls of blinking
 D - a scroll of summoning
 F - a scroll of torment {unknown}
 J - a scroll of poison
Potions
 c - 3 potions of brilliance {unknown}
 f - 2 potions of flight {unknown}
 h - a potion of might {unknown}
 j - 11 potions of curing
 n - 4 potions of haste
 t - 4 potions of attraction
 z - 2 potions of degeneration {unknown}
 E - a potion of magic {unknown}
 K - a potion of ambrosia {unknown}


   Skills:
 - Level 7.5 Fighting
 - Level 6.4 Dodging
 - Level 10.4 Unarmed Combat
 + Level 5.8 Spellcasting
 + Level 10.6 Transmutations
 - Level 6.7 Poison Magic
 - Level 6.7 Invocations


You had 6 spell levels left.
You knew the following spells:

 Your Spells              Type           Power      Damage    Failure   Level
a - Wereblood             Tmut           36%        N/A       10%         2
b - Ice Form              Ice/Tmut       20%        N/A       58%         4
c - Spider Form           Tmut/Pois      30%        N/A       17%         3
d - Passwall              Tmut/Erth      16%        N/A       24%         2
e - Blade Hands           Tmut           18%        N/A       34%         5

Your spell library contained the following spells:

 Spells                   Type           Power      Damage    Failure   Level
 Beastly Appendage        Tmut           72%        N/A       9%          1
 Poisonous Vapours        Pois/Air       28%        N/A       34%         2
 Cigotuvi's Dreadful Rot  Necr/Pois/Air  22%        N/A       43%         2
 Apportation              Tloc           8%         N/A       56%         1
 Magic Dart               Conj           16%        1d3       56%         1
 Necrotise                Necr           16%        1d4       56%         1
 Summon Small Mammal      Summ           16%        N/A       56%         1
 Mephitic Cloud           Conj/Pois/Air  11%        N/A       61%         3
 Ensorcelled Hibernation  Hex/Ice        8%         N/A       65%         2
 Searing Ray              Conj           8%         2d4       65%         2
 Sublimation of Blood     Necr           4%         N/A       65%         2
 Call Canine Familiar     Summ           4%         N/A       82%         3
 Summon Guardian Golem    Hex/Summ       4%         N/A       82%         3
 Swiftness                Air            4%         N/A       82%         3
 Yara's Violent Unravell  Hex/Tmut       10%        3d6       83%         5
 Animate Dead             Necr           4%         N/A       98%         4
 Dispel Undead            Necr           4%         3d7       98%         4
 Fulminant Prism          Conj/Hex       2%         3d5       98%         4
 Agony                    Necr           4%         N/A       100%        5
 Dragon Form              Tmut           18%        N/A       99%         7
 Enfeeble                 Hex            2%         N/A       100%        7
 Haunt                    Necr/Summ      2%         N/A       100%        7
 Summon Hydra             Summ           2%         N/A       100%        7
 Borgnjor's Revivificati  Necr           2%         N/A       100%        8
 Infestation              Necr           2%         N/A       100%        8


Dungeon Overview and Level Annotations

Branches:
Dungeon (11/15)            Temple (0/1) D:5            Lair (1/5) D:11
    Orc (1/2) D:10         Bailey (visited)         Volcano (1/1)

Altars:
Cheibriados
Elyvilon
Gozag
Hepliaklqana
Kikubaaqudgha
Makhleb
Sif Muna
Zin

Shops:
D:9 :   D:11 (

Annotations:
D:11 3 runed translucent doors, Dordric's ghost, journeyman DjNe; Strat's ghost, journeyman DrRe; pigah's ghost, journeyman OpWn; yumyumyeen's ghost, journeyman HuMo


Innate Abilities, Weirdness & Mutations

You have blades for hands.
Your spellcasting is less reliable in this form.
You are incapable of wielding weapons or throwing items.
Your serpentine skin is tough. (AC +4)
You have supernaturally acute eyesight. (SInv)
Armour fits poorly on your strangely shaped body.
Your system is resistant to poisons. (rPois)
You cover ground very slowly.
You can spit poison.
You have a snake-like lower body.


Message History

You feel much better.
Aiming: Spit Poison (1% risk of failure)
Press: ? - help, Shift-Dir - straight line, f - red draconian
Aim: a red draconian, wielding a +1 scimitar of flaming and wearing a +0 cloak (catching its breath, 64% to hit)
The splash of poison hits the red draconian but does no damage.
Aiming: Major Destruction (10% risk of failure)
Press: ? - help, Shift-Dir - straight line, f/p - red draconian
Aim: a red draconian, wielding a +1 scimitar of flaming and wearing a +0 cloak The bolt of negative energy hits the red draconian!
The red draconian is drained!
The red draconian is lightly wounded.
You completely miss the red draconian.
The red draconian is lightly wounded.
Your transformation is almost over.
The red draconian barely misses you.
You slash the red draconian!
The red draconian is moderately wounded.
You have got your breath back.
The red draconian breathes fire at you. The searing blast hits you!!
You completely miss the red draconian.
The red draconian is moderately wounded.
You slash the red draconian!
The red draconian is heavily wounded.
The red draconian hits you but does no damage.
You hit the red draconian.
The red draconian is heavily wounded.
The red draconian misses you.
You slash the red draconian!
The red draconian is severely wounded.
The red draconian hits you with a +1 scimitar of flaming!
* * * LOW HITPOINT WARNING * * *
The red draconian burns you.
* * * LOW HITPOINT WARNING * * *
You slash the red draconian!
The red draconian is severely wounded.
The red draconian hits you with a +1 scimitar of flaming!!
* * * LOW HITPOINT WARNING * * *
The red draconian burns you!
You die...

# ##.# .!. ##§
#..'.).!.+
#≈§≈##..'.._..+
≈§§§#...#.....#
§§≈§#...#######
§§§§#...'!).![+
§§≈≈#..d#..≈..#
#..@#8≈≈≈8#
##..)..≈..+
#..'.....+
≈##○#8..)8# #§§
≈≈###.....###≈≈≈
≈≈≈≈≈.....≈≈≈≈§#
≈§≈≈§8...8§≈≈§##
≈≈≈§§....§§≈###
##≈≈§....§§≈#


You could see a red draconian (catching breath, drained).

Vanquished Creatures
  A hydra (D:11)
  2 two-headed ogres
  3 death yaks (D:11)
  Nergalle (D:10)
  A salamander mystic (Volcano)
  Lodul (D:10)
  Pikel (D:8)
  3 salamanders (Volcano)
  2 ugly things (D:11)
  Maurice (D:8)
  A komodo dragon (D:10)
  Psyche (D:8)
  A troll (D:9)
  Sigmund (D:6)
  5 yaks (D:10)
  A shadow (D:9)
  A wyvern (D:10)
  A spriggan (D:11)
  Eustachio (D:4)
  5 vampire mosquitoes (D:10)
  4 wargs (Orc:1)
  3 sky beasts (D:7)
  2 black bears
  10 orc warriors
  2 ice beasts
  10 ogres
  3 wolves (Lair:1)
  3 centaurs
  3 phantoms (D:5)
  9 kobold brigands
  6 bullfrogs
  4 gnoll sergeants
  A necrophage (D:6)
  2 scorpions
  8 wights
  9 killer bees
  2 howler monkeys
  12 orc priests
  5 hounds
  4 jellies
  A gnoll bouda (D:8)
  3 iron imps (D:3)
  2 hell rats (D:11)
  15 orc wizards
  2 iguanas
  Robin (D:4)
  25 gnolls
  2 adders (D:4)
  A river rat (D:11)
  2 shadow imps
  3 white imps
  An ufetubus (D:7)
  A worm (D:4)
  4 dart slugs
  51 orcs
  5 endoplasms
  4 giant cockroaches
  10 goblins
  4 hobgoblins
  29 kobolds
  3 quokkas
  6 ball pythons
  6 bats
  3 frilled lizards (D:2)
  8 rats
328 creatures vanquished.

Vanquished Creatures (others)
  57 plants
57 creatures vanquished.

Grand Total: 385 creatures vanquished

Notes
Turn   | Place    | Note
-------+----------+-------------------------------------------
     0 | D:1      | KennySheep the Naga Transmuter began the quest for the Orb.
     0 | D:1      | Reached XP level 1. HP: 18/18 MP: 3/3
   199 | D:1      | Reached skill level 1 in Poison Magic
   199 | D:1      | Reached XP level 2. HP: 22/25 MP: 3/5
   206 | D:1      | Learned a level 2 spell: Wereblood
   790 | D:2      | Reached XP level 3. HP: 26/31 MP: 4/6
   802 | D:2      | Learned a level 3 spell: Spider Form
   942 | D:2      | Found a shimmering blue altar of Sif Muna.
  1295 | D:2      | Reached XP level 4. HP: 32/38 MP: 1/7
  1966 | D:3      | Found a burning altar of Makhleb.
  1999 | D:3      | Reached XP level 5. HP: 13/45 MP: 6/8
  2144 | D:3      | Became a worshipper of Makhleb the Destroyer
  2557 | D:4      | Noticed Robin
  2569 | D:4      | Killed Robin
  2599 | D:4      | Noticed Eustachio
  2617 | D:4      | Killed Eustachio
  2618 | D:4      | Reached XP level 6. HP: 51/55 MP: 3/9
  3279 | D:5      | Entered Level 5 of the Dungeon
  3296 | D:5      | Reached XP level 7. HP: 61/61 MP: 7/10
  3313 | D:5      | Reached skill level 5 in Poison Magic
  3355 | D:5      | Reached * piety under Makhleb
  3905 | D:5      | Reached skill level 5 in Transmutations
  3905 | D:5      | Reached XP level 8. HP: 64/69 MP: 8/11
  3999 | D:5      | Found a staircase to the Ecumenical Temple.
  4112 | D:5      | Learned a level 2 spell: Passwall
  4186 | D:5      | Reached skill level 5 in Unarmed Combat
  4238 | D:5      | Identified the +1 helmet of a Gauntlet {rElec Dex+3}
  4305 | D:5      | Reached ** piety under Makhleb
  4794 | D:6      | Reached skill level 1 in Invocations
  5089 | D:6      | Reached XP level 9. HP: 74/78 MP: 8/12
  5162 | D:6      | Noticed Sigmund
  5171 | D:6      | Killed Sigmund
  5447 | D:7      | Found an opulent altar of Gozag.
  5447 | D:7      | Found a glowing silver altar of Zin.
  6375 | D:7      | Reached skill level 5 in Fighting
  6491 | D:8      | Noticed Maurice
  6764 | D:8      | Noticed Pikel
  6788 | D:8      | Killed Pikel
  6789 | D:8      | Reached XP level 10. HP: 82/88 MP: 10/13
  6798 | D:8      | Noticed Psyche
  6802 | D:8      | Reached *** piety under Makhleb
  6813 | D:8      | Killed Psyche
  7182 | D:8      | Killed Maurice
  7183 | D:8      | Reached skill level 5 in Dodging
  7210 | D:8      | Reached **** piety under Makhleb
  7494 | D:8      | You fall into a shaft and drop 2 floors!
  7494 | D:10     | Entered Level 10 of the Dungeon
  7494 | D:10     | Found a snail-covered altar of Cheibriados.
  7497 | D:10     | Noticed Lodul
  7556 | D:10     | Noticed Nergalle
  7596 | D:10     | Killed Nergalle
  7597 | D:10     | Reached skill level 5 in Invocations
  7619 | D:10     | Reached XP level 11. HP: 46/99 MP: 6/15
  7646 | D:10     | Found a flagged portal.
  7729 | Bailey   | Entered a bailey
  7823 | Bailey   | Learned a level 4 spell: Ice Form
  7842 | Bailey   | Found an iron altar of Okawaru.
  7970 | D:10     | Reached ***** piety under Makhleb
  7987 | D:10     | Found a staircase to the Orcish Mines.
  8110 | D:9      | Found Cynluaciho's Tremendous Tomes.
  8413 | D:9      | Found a shimmering blue altar of Sif Muna.
  8531 | D:9      | Found a hazy altar of Hepliaklqana.
  8785 | D:10     | Found an ancient bone altar of Kikubaaqudgha.
  9197 | D:10     | Noticed a two-headed ogre
  9238 | D:10     | Killed a two-headed ogre
  9377 | D:10     | Reached skill level 10 in Unarmed Combat
  9537 | D:10     | Killed Lodul
  9616 | D:10     | Found a white marble altar of Elyvilon.
  9772 | Orc:1    | Entered Level 1 of the Orcish Mines
  9799 | Orc:1    | Reached ****** piety under Makhleb
 10052 | D:9      | Bought the Directory of Xenomorphic Shadows for 1380 gold
                  | pieces
 10126 | D:11     | Found Motreor's Weapon Shop.
 10223 | D:11     | Found a runed translucent gate.
 10223 | D:11     | Found a runed translucent gate.
 10223 | D:11     | Found a runed translucent gate.
 10224 | D:11     | Noticed Strat's ghost (journeyman DrRe)
 10224 | D:11     | Noticed yumyumyeen's ghost (journeyman HuMo)
 10225 | D:11     | Noticed pigah's ghost (journeyman OpWn)
 10225 | D:11     | Noticed Dordric's ghost (journeyman DjNe)
 10225 | D:11     | Noticed a seven-headed hydra
 10225 | D:11     | Noticed a death yak
 10251 | D:11     | Noticed a death yak
 10251 | D:11     | Noticed a death yak
 10284 | D:11     | Killed a death yak
 10403 | D:11     | Killed a death yak
 10404 | D:11     | Reached XP level 12. HP: 39/109 MP: 15/17
 10594 | D:11     | Learned a level 5 spell: Blade Hands
 10710 | D:11     | Noticed a two-headed ogre
 10716 | D:11     | Killed a two-headed ogre
 10877 | D:11     | Killed a death yak
 10939 | D:11     | Killed a ten-headed hydra
 10954 | D:11     | Reached skill level 10 in Transmutations
 11115 | D:11     | Found a staircase to the Lair.
 11479 | Lair:1   | Entered Level 1 of the Lair of Beasts
 11550 | Lair:1   | Reached skill level 5 in Spellcasting
 11571 | Lair:1   | Found a dark tunnel.
 11576 | Volcano  | Entered a volcano
 11617 | Volcano  | Found a bloodstained altar of Trog.
 11618 | Volcano  | Noticed a red draconian
 11651 | Volcano  | HP: 5/109 [red draconian/+1 scimitar of flaming (21)]
 11651 | Volcano  | Slain by a red draconian

Illustrated notes

Levels and vault maps discovered:
D:1:      minmay_arrival_cross, layout_basic
D:2:      layout_rooms, serial_glass, glass_columns_c, glass_columns_a,
          basic_altar
D:3:      layout_basic, demons_altar
D:4:      layout_loops_ring, uniq_eustachio, uniq_robin
D:5:      layout_rooms, minmay_temple_entry_ruins, serial_bayou,
          serial_bayou_shore_a, serial_bayou_lagoon_a, serial_bayou_ford_a,
          serial_bayou_pond_c, grunt_ministairs_10, minivault_19
D:6:      layout_basic, minmay_misc_feat_iff, dreamdust_mushroom_princess,
          uniq_sigmund
D:7:      layout_basic, grunt_temple_overflow_gold_and_silver,
          minmay_misc_feat_diagonals, columned_hall_lemuel
D:8:      layout_cave_pools, serial_column_ruins, column_ruins_square_small,
          column_ruins_open_medium, column_ruins_columns_water,
          column_ruins_corridor_dead_end, column_ruins_open_medium,
          column_ruins_columns_water, uniq_maurice, uniq_psyche, uniq_pikel
D:9:      layout_basic, mainiacjoe_overflow_tiny_flanked,
          kennysheep_orc_sif_temple, nicolae_shop_i_like_big_books
D:10:     layout_small_grid, lemuel_crystal_altar,
          mainiacjoe_overflow_two_lobes, hiddenorc2_lemuel, enter_bailey_2,
          uniq_lodul, uniq_nergalle
D:11:     layout_roguey, dpeg_lair_monsters, gammafunk_ghost_cemetery,
          serial_shops, nicolae_shop_stone, grunt_ogre_cave, the_hattery
Lair:1:   gammafunk_indiana_jones, layout_cave_pods, enter_volcano_1,
          st_stairs_12, beast_lair_carwin_5, lemuel_fruit_fields
Orc:1:    cheibrodos_orc_guarddog, layout_caves, basic_altar
Volcano:  kennysheep_volcano_temple

Skill      XL: |  1  2  3  4  5  6  7  8  9 10 11 12 |
---------------+-------------------------------------+-----
Poison Magic   | 1 2 3 4 5 6 |  6.7
Dodging        | 2 3 4 5 6 |  6.4
Transmutations | 3 4 5 6 7 9 10 | 10.6
Fighting       | 2 3 4 5 6 7 |  7.5
Unarmed Combat | 4 5 7 9 10 | 10.4
Invocations    | 1 3 5 6 |  6.7
Spellcasting   | 3 5 |  5.8

Action                   |  1- 3 |  4- 6 |  7- 9 | 10-12 || total
-------------------------+-------+-------+-------+-------++-------
Melee: Unarmed           |    91 |   127 |   277 |   572 ||  1067
       Headbutt          |    10 |    18 |       |       ||    28
       Punch             |     2 |       |     1 |     6 ||     9
 Cast: Beastly Appendage |    16 |    11 |       |       ||    27
       Wereblood         |     1 |     2 |     3 |    11 ||    17
       Spider Form       |     1 |     6 |    33 |    37 ||    77
       Blade Hands       |       |       |       |    11 ||    11
Invok: Major Destruction |       |       |       |     5 ||     5
 Abil: Spit Poison       |       |       |       |     2 ||     2
  Use: Potion            |       |     1 |     4 |     3 ||     8
       Scroll            |       |     5 |       |     7 ||    12
 Stab: Sleeping          |       |     1 |       |     2 ||     3
Armor: Robe              |    28 |    31 |    10 |    59 ||   128
       Skin              |     3 |     7 |    21 |    53 ||    84
Dodge: Dodged            |    74 |    69 |   286 |   543 ||   972

Table legend: (Time is in decaauts)
 A = Elapsed time spent in this place.
 B = Non-inter-level travel time spent in this place.
 C = Inter-level travel time spent in this place.
 D = Time resting spent in this place.
 E = Time spent auto-exploring this place.
 F = Levels seen in this place.
 G = Mean time per level.
                   A        B        C        D        E       F      G
               +--------+--------+--------+--------+--------+-----+--------+
         Total |  13858 |  13033 |    825 |   1410 |   8870 |  15 |  923.9 |
       Dungeon |  13134 |  12330 |    804 |   1407 |   8597 |  11 | 1194.0 |
          Lair |    120 |    120 |      0 |      0 |      0 |   1 |  120.0 |
  Orcish Mines |    301 |    281 |     20 |      0 |    206 |   1 |  301.0 |
        Bailey |    221 |    221 |      0 |      3 |     30 |   1 |  221.0 |
       Volcano |     81 |     81 |      0 |      0 |     36 |   1 |   81.0 |
               +--------+--------+--------+--------+--------+-----+--------+

Top non-repeatable levels by time:
     D:7: 1765 daAuts
    D:10: 1677 daAuts
     D:5: 1602 daAuts
    D:11: 1323 daAuts
     D:4: 1229 daAuts
     D:3: 1077 daAuts
     D:9: 1009 daAuts
     D:1: 996 daAuts
     D:6: 985 daAuts
     D:2: 808 daAuts
     D:8: 657 daAuts
   Orc:1: 301 daAuts
  Bailey: 221 daAuts
  Lair:1: 120 daAuts
 Volcano: 81 daAuts
